 Dungeon Crawl Stone Soup version 0.27.1-33-g824d729ab1 (webtiles) character file.

Game seed: 6647326667463547235

334 LeonJames the Slasher (level 6, -2/61 HPs)
             Began as a Troll Berserker on Dec 2, 2021.
             Was a Priest of Trog.
             Succumbed to a scorpion's poison
             ... on level 5 of the Dungeon.
             The game lasted 00:14:24 (2111 turns).

LeonJames the Slasher (Troll Berserker)             Turns: 2111, Time: 00:14:24

Health: -2/61      AC:  4    Str: 28    XL:     6   Next: 27%
Magic:  5/5        EV: 10    Int:  3    God:    Trog [***...]
Gold:   176        SH:  0    Dex:  9    Spells: 5/5 levels left

rFire    . . .     SeeInvis .   a - +0 falchion
rCold    . . .     Faith    .   (no shield)
rNeg     . . .     Spirit   .   b - +0 animal skin
rPois    .         Reflect  .   (helmet restricted)
rElec    .         Harm     .   (no cloak)
rCorr    .         Rampage  .   (gloves unavailable)
Will     .....                  (boots unavailable)
Stlth    +.........             (no amulet)
HPRegen  1.20/turn              (no ring)
MPRegen  0.09/turn              (no ring)

@: lethally poisoned (-2 -> -15)
A: large, unfitting armour, claws 3, regeneration 1, shaggy fur 1, tough skin 1
a: Renounce Religion, Berserk, Trog's Hand


You were on level 5 of the Dungeon.
You worshipped Trog.
Trog was most pleased with you.
You visited 1 branch of the dungeon, and saw 5 of its levels.

You collected 176 gold pieces.

Inventory:

Hand Weapons
 a - a +0 falchion (weapon)
Armour
 b - a +0 animal skin (worn)
Jewellery
 f - a ring of see invisible
Wands
 e - a wand of acid (5)
Scrolls
 c - a scroll of blinking {unknown}
 d - a scroll of torment {unknown}


   Skills:
 + Level 3.6 Fighting
 + Level 4.4 Long Blades
 + Level 3.6 Dodging
 + Level 0.1 Stealth


You had 5 spell levels left.
You didn't know any spells.
Your spell library was empty.

Dungeon Overview and Level Annotations

Branches:
Dungeon (5/15)
 Temple: D:4-7

Altars:
Dithmenos
Elyvilon
Gozag
Ru
Sif Muna
Vehumet
Yredelemnul
Zin


Innate Abilities, Weirdness & Mutations

You are too large for most types of armour.
You have claws for hands.
Your natural rate of healing is unusually fast.
You are covered in fur. (AC +1)
You have tough skin. (AC +1)


Message History

You closely miss the scorpion. The scorpion stings you. x2
You are poisoned.
The scorpion poisons you!
You barely miss the scorpion.
You feel sick. The scorpion stings you.
You barely miss the scorpion.
You feel sick. The scorpion stings you.
You are more poisoned.
The scorpion poisons you!
You closely miss the scorpion.
You feel very sick. The scorpion barely misses you.
You riposte.
You hit the scorpion.
The scorpion is lightly wounded.
You hit the scorpion.
The scorpion is moderately wounded.
You feel very sick. The scorpion stings you.
You are more poisoned.
The scorpion poisons you! The scorpion closely misses you.
You riposte.
You barely miss the scorpion.
The scorpion is moderately wounded.
You closely miss the scorpion.
The scorpion is moderately wounded.
You feel very sick. The scorpion stings you!
You hit the scorpion.
The scorpion is moderately wounded.
You feel very sick. The scorpion stings you.
* * * LOW HITPOINT WARNING * * *
You are more poisoned.
The scorpion poisons you!
You feel very sick. The scorpion stings you.
* * * LOW HITPOINT WARNING * * *
The scorpion stings you!
* * * LOW HITPOINT WARNING * * *
You are more poisoned.
The scorpion poisons you!
* * * LOW HITPOINT WARNING * * *
You feel very sick.
You die...

#.......#.......##
#...........<....#
#......>.♣.....♣.#
##...............#
#.........♣.♣...#
#...............#
##......♣.....♣.#
#.........<....#
##...@#.......##
####.##.....##
##s.####### #...#
#.#### ..# ...#
.... ...


You could see a scorpion.

Vanquished Creatures
  A scorpion (D:5)
  A water moccasin zombie (D:3)
  2 centaur zombies
  A howler monkey skeleton (D:4)
  4 gnolls (D:3)
  3 adders
  An ufetubus (D:5)
  An adder zombie (D:3)
  2 worms
  A dart slug (D:1)
  An orc (D:3)
  5 bats
  6 endoplasms
  7 giant cockroaches
  7 goblins
  6 hobgoblins
  3 jackals (D:4)
  4 kobolds
  3 quokkas
  7 ball pythons
  2 frilled lizards
  2 rats (D:1)
70 creatures vanquished.

Notes
Turn   | Place    | Note
-------+----------+-------------------------------------------
     0 | D:1      | LeonJames the Troll Berserker began the quest for the Orb.
     0 | D:1      | Reached XP level 1. HP: 22/22 MP: 0/0
   371 | D:1      | Reached XP level 2. HP: 25/29 MP: 1/1
   431 | D:1      | Found a sacrificial altar of Ru.
   692 | D:2      | Reached ** piety under Trog
   693 | D:2      | Reached XP level 3. HP: 36/36 MP: 2/2
   761 | D:2      | Reached skill level 3 in Long Blades
   775 | D:2      | Found a shadowy altar of Dithmenos.
  1111 | D:3      | Reached XP level 4. HP: 17/44 MP: 3/3
  1124 | D:3      | Reached XP level 5. HP: 16/53 MP: 4/4
  1158 | D:3      | Found a basalt altar of Yredelemnul.
  1207 | D:3      | Reached skill level 4 in Long Blades
  1560 | D:3      | Found a white marble altar of Elyvilon.
  1736 | D:4      | Found an opulent altar of Gozag.
  1774 | D:4      | Found a glowing silver altar of Zin.
  1820 | D:4      | Found a shimmering blue altar of Sif Muna.
  1938 | D:4      | Found a radiant altar of Vehumet.
  2013 | D:5      | Entered Level 5 of the Dungeon
  2020 | D:5      | Reached *** piety under Trog
  2024 | D:5      | Reached XP level 6. HP: 26/61 MP: 5/5
  2110 | D:5      | HP: 2/61 [poisoned by a scorpion]
  2111 | D:5      | Succumbed to a scorpion's poison

Illustrated notes

Levels and vault maps discovered:
D:1:      nagdon_arrival_zigzag_paths, layout_basic, kennysheep_flooded_box,
          hangedman_abyss_or_decor_stabs, serial_bayou_ford_a
D:2:      layout_basic, basic_altar
D:3:      layout_loops_ring, mainiacjoe_overflow_cross_hatched,
          mainiacjoe_overflow_alcove_1, nicolae_yredelemnul_corpse_copse,
          corexii_item_surrounded_by_moat, bh_walls_and_bars
D:4:      layout_loops_cross, nicolae_gozag_cash_rules_everything_around_me,
          vehumet_crystals, old_standard_altar,
          mainiacjoe_overflow_small_starburst
D:5:      layout_cave_pods, lemuel_crystal_altar, grunt_ministairs_10,
          uniq_pikel, uniq_grinder

Skill      XL: |  1  2  3  4  5 |
---------------+----------------+-----
Long Blades    | 3 4 |  4.4
Dodging        | 3 |  3.6
Fighting       | 3 |  3.6
Stealth        | |  0.1

Action                   |  1- 3 |  4- 6 || total
-------------------------+-------+-------++-------
Melee: Falchion          |   107 |   146 ||   253
Armor: Animal skin       |    44 |    44 ||    88
Dodge: Dodged            |    60 |    88 ||   148
       Rpst.: Falchion   |    20 |    28 ||    48
